 Dungeon Crawl Stone Soup version 0.22-a0-782-g038298e (webtiles) character file.

37 inmateoo the Ducker (level 3, 0/27 HPs)
             Began as a Vampire Warper on July 19, 2018.
             Succumbed to an adder's poison
             ... on level 1 of the Dungeon.
             The game lasted 00:02:01 (1237 turns).

inmateoo the Ducker (Vampire Warper)                Turns: 1237, Time: 00:02:02

Health: 0/27       AC:  7    Str: 10    XL:     3   Next: 23%
Magic:  6/6        EV:  9    Int: 20    God:
Gold:   42         SH:  0    Dex: 14    Spells: 6/6 levels left

rFire    . . .     SeeInvis +   a - +0 spear
rCold    . . .     Gourm    .   (no shield)
rNeg     . . .     Faith    .   h - +0 scale mail
rPois    .         Spirit   .   (no helmet)
rElec    .         Reflect  .   (no cloak)
rCorr    .         Harm     .   (no gloves)
MR       .....                  b - +0 pair of boots
Stlth    ..........             (no amulet)
HPRegen  0.29/turn              (no ring)
MPRegen  0.10/turn              (no ring)

@: brilliant, lethally poisoned (0 -> -4), regenerating quickly, hasted, very
quick
A: fangs 3, see invisible, unbreathing
a: no special abilities


You were on level 1 of the Dungeon.
You were full.

You visited 1 branch of the dungeon, and saw 2 of its levels.

You collected 42 gold pieces.

Inventory:

Hand Weapons
 a - a +0 spear (weapon)
Missiles
 e - 5 tomahawks of dispersal (quivered)
Armour
 b - a +0 pair of boots (worn)
 h - a +0 scale mail (worn)
Scrolls
 d - a scroll of blinking
 g - a scroll of magic mapping
 j - a scroll of remove curse {unknown}
Potions
 c - a potion of haste
 f - a potion of blood


   Skills:
 + Level 2.1 Fighting
 * Level 2.3 Polearms
 - Level 0.7 Throwing
 + Level 1.1 Armour
 + Level 2.6 Dodging
 + Level 2.3 Spellcasting
   Level 2.4 Translocations


You had 6 spell levels left.
You didn't know any spells.
Your spell library contained the following spells:

 Spells                   Type           Power        Failure   Level  Hunger
 Teleport Other           Tloc           ###.....     13%         3    ###....
 Blink                    Tloc           N/A          7%          2    ##.....
 Passage of Golubria      Tloc           N/A          36%         4    #####..
 Shroud of Golubria       Chrm/Tloc      ###.......   11%         2    ##.....
 Gell's Gravitas          Tloc           ###.......   13%         3    ###....
 Lesser Beckoning         Tloc           ###.......   13%         3    ###....


Dungeon Overview and Level Annotations

Branches:
Dungeon (2/15)

Altars:

Annotations:
D:2 Sigmund


Innate Abilities, Weirdness & Mutations

Your natural rate of healing is unusually fast.
You have razor-sharp teeth.
You have supernaturally acute eyesight. (SInv)
You can survive without breathing.


Message History

You kill the ooze!
The adder bites you but does no damage. The gnoll hits you but does no damage.
Unknown command.
Okay, then.
You feel sick. The gnoll hits you but does no damage. The adder bites you.
* * * LOW HITPOINT WARNING * * *
You are more poisoned.
The adder poisons you!
You feel sick.
You feel sick.
It was a potion of brilliance.
You feel clever all of a sudden.
You feel sick. The adder bites you but does no damage.
The gnoll hits you but does no damage. The adder closely misses you.
It was a potion of haste.
You feel yourself speed up. The adder bites you.
* * * LOW HITPOINT WARNING * * *
You are more poisoned.
The adder poisons you! The gnoll barely misses you.
Unknown command.
You die...

....###.####.# #...)...#
....###......# #..####.#
...........### #....##.#
...###.....# ###.##.##)#
###........###.#.##.##.#
##.........##.#......>.#
.##.##.....#.###.##g####
.#####.####.##....S.#
.##.##.# ##.#.#@####
....##.### ##...##
..#.##...# ##.##
.#.....#.### #.#
.##....#.g.###.#
###..#####.....# #
##...#...#####
##...#.### ###.##...#


You could see a gnoll and an adder.

Vanquished Creatures
  A gnoll (D:1)
  An ooze (D:1)
  A dart slug (D:1)
  A leopard gecko (D:2)
  A giant cockroach (D:1)
  3 hobgoblins (D:1)
  3 quokkas (D:2)
  A bat (D:2)
  A frilled lizard (D:1)
  4 kobolds (D:1)
  4 rats (D:1)
21 creatures vanquished.

Notes
Turn   | Place    | Note
-------+----------+-------------------------------------------
     0 | D:1      | inmateoo the Vampire Warper began the quest for the Orb.
     0 | D:1      | Reached XP level 1. HP: 16/16 MP: 3/3
   324 | D:1      | Reached XP level 2. HP: 22/22 MP: 5/5
   350 | D:1      | Reached skill level 1 in Armour
   842 | D:2      | Noticed Sigmund
  1131 | D:1      | Reached XP level 3. HP: 2/27 MP: 6/6
  1236 | D:1      | HP: 1/27 [adder (3)]
  1237 | D:1      | Succumbed to an adder's poison

Vault maps used:
D:1:      dpeg_arrival_arbitrary_b
D:2:      serial_forest, infiniplex_forest_clump_small,
          infiniplex_forest_clump_C, infiniplex_forest_clump_curved,
          infiniplex_forest_lined_1, infiniplex_forest_lined_3,
          grunt_ministairs_9, minmay_misc_feat_room, led_sif_pool, uniq_sigmund,
          uniq_jessica

Skill      XL: |  1  2 |
---------------+-------+-----
Polearms       | 2 |  2.3
Armour         | 1 |  1.1
Fighting       | 2 |  2.1
Throwing       | |  0.7
Dodging        | |  2.6
Spellcasting   | |  2.3
Translocations | |  2.4

Action                   || total
-------------------------++-------
Melee: Spear             ||    95
       Bite              ||     7
  Use: Scroll            ||     3
       Potion            ||     2
 Stab: Sleeping          ||     1
  Eat: Corpse            ||     8
Armor: Leather armour    ||     6
       Scale mail        ||    26
Dodge: Dodged            ||    55

Table legend:
 A = Spawn XP
 B = Non-spawn XP
 C = Spawn XP percentage of total XP
 D = Spawn monster count
 E = Non-spawn monster count
 F = Spawn count percentage of total count
 G = Total turns spent on level
                    A         B        C        D         E        F      G
               +---------+---------+-------+---------+---------+-------+---------
         Total |       0 |      54 |   0.0 |       0 |      21 |   0.0 |  1237
               +---------+---------+-------+---------+---------+-------+---------
           D:1 |       0 |      44 |   0.0 |       0 |      16 |   0.0 |  1095
           D:2 |       0 |      10 |   0.0 |       0 |       5 |   0.0 |   142
               +---------+---------+-------+---------+---------+-------+---------
